AoeStats
← Pwncakes

Fortress

509183532Analyzed
4v4 RM · 6d ago on Sep 25, 2026· 59m 30s· 8 players
Game mode
Random Map
Map size
Huge
Population
200
Speed
Normal
Resources
Standard
Victory
Conquest
Starting age
Dark Age
Ending age
Imperial Age
RankedLock teamsTeams togetherTeam positionsShared explorationLock speedFull tech treeHidden civsTurbo modeCheats
Victory
Defeat
🇩🇪 Khitans · Germany
1514
+13
🇩🇪 Bohemians · Germany
1504
+13
🇺🇸 Byzantines · United States
1466
+15
🇨🇴 Portuguese · Colombia
1403
+19
🇩🇪 Spanish · Germany
1682
-23
🇩🇪 Vikings · Germany
1532
-17
🇩🇪 Tatars · Germany
1502
-17
🇩🇪 Maya · Germany
1061
-3
Pwncakes
7:41 Feudal Age
11:31 Castle Age
9:37 Double-Bit Axe
10:45 Horse Collar
12:29 Bow Saw
13:53 Heavy Plow
16:54 Fervor
18:47 Wheelbarrow
17:57 Loom
19:35 Hand Cart
19:38 Gold Mining
24:42 Imperial Age
23:57 Scale Mail Armor
23:20 Pikeman
24:00 Squires
24:58 Greek Fire
25:22 Chain Mail Armor
25:24 Forging
26:22 Conscription
25:54 Halberdier
28:48 Plate Mail Armor
28:53 Iron Casting
28:06 Arson
28:23 Elite Cataphract
28:29 Heavy Camel Rider
29:10 Husbandry
29:16 Scale Barding Armor
29:53 Crop Rotation
31:44 Gold Shaft Mining
30:59 Treadmill Crane
33:00 Chain Barding Armor
35:21 Fortified Wall
35:28 Fletching
36:14 Plate Barding Armor
35:31 Elite Cataphract
36:20 Fletching
38:21 Logistica
40:28 Bodkin Arrow
42:31 Hoardings
44:41 Greek Fire
46:30 Chemistry
47:27 Bombard Tower
47:44 Ballistics
47:24 Bracer
48:51 Elite Varangian Guard
53:48 Caravan
57:30 Padded Archer Armor
57:00 Elite Skirmisher
57:47 Thumb Ring
59:12 Leather Archer Armor
Volrath
7:09 Feudal Age
11:32 Castle Age
9:23 Double-Bit Axe
9:38 Horse Collar
12:23 Bow Saw
12:31 Heavy Plow
16:43 Gold Mining
18:17 Loom
19:09 Wheelbarrow
18:21 Town Watch
21:43 Hand Cart
25:25 Imperial Age
23:07 Stone Mining
24:03 Circumnavigation
25:05 Ballistics
24:27 Treadmill Crane
24:58 Masonry
25:09 Fletching
25:20 Padded Archer Armor
25:31 Forging
25:27 Scale Barding Armor
27:11 Chemistry
27:15 Two-Man Saw
27:00 Conscription
27:10 Siege Engineers
27:48 Arquebus
28:25 Crop Rotation
29:02 Coinage
29:23 Bombard Tower
29:36 Architecture
29:04 Bodkin Arrow
29:25 Leather Archer Armor
29:16 Murder Holes
30:02 Banking
29:42 Guilds
30:12 Elite Organ Gun
31:32 Guard Tower
32:54 Keep
34:19 Fortified Wall
33:59 Pikeman
34:40 Scale Mail Armor
35:16 Iron Casting
34:45 Caravan
34:40 Halberdier
35:37 Chain Mail Armor
35:25 Bracer
37:35 Blast Furnace
38:21 Plate Mail Armor
39:19 Ring Archer Armor
43:33 Arson
Blade_PEC
7:23 Feudal Age
11:28 Castle Age
10:32 Double-Bit Axe
10:28 Horse Collar
13:10 Fervor
15:17 Bow Saw
16:28 Loom
18:01 Wheelbarrow
19:42 Hand Cart
23:20 Imperial Age
21:47 Padded Archer Armor
21:57 Town Watch
22:28 Hand Cart
22:54 Leather Archer Armor
24:21 Chemistry
24:56 Ring Archer Armor
25:11 Wagenburg Tactics
25:27 Conscription
29:12 Bombard Tower
28:44 Fletching
28:58 Houfnice
29:35 Bodkin Arrow
30:02 Ballistics
30:34 Bracer
33:47 Masonry
33:42 Siege Engineers
35:27 Caravan
38:10 Architecture
37:36 Murder Holes
40:34 Coinage
40:15 Guilds
40:51 Elite Skirmisher
44:41 Banking
52:23 Two-Man Saw
51:24 Heavy Plow
55:13 Crossbowman
Baron von Kissalot
7:57 Feudal Age
9:04 Double-Bit Axe
11:34 Castle Age
9:50 Domestication
14:44 Wheelbarrow
14:43 Bow Saw
14:46 Loom
21:07 Hand Cart
21:45 Town Watch
25:49 Imperial Age
23:18 Fletching
23:35 Gold Mining
23:36 Stone Mining
23:47 Pastoralism
24:02 Bodkin Arrow
24:28 Padded Archer Armor
25:07 Forging
25:03 Scale Barding Armor
25:42 Ballistics
25:35 Husbandry
25:52 Leather Archer Armor
26:28 Masonry
29:02 Chain Barding Armor
28:54 Elite Steppe Lancer
30:36 Iron Casting
31:14 Plate Barding Armor
31:30 Bracer
35:00 Conscription
36:39 Ordo Cavalry
37:25 Elite Liao Dao
37:55 Heavy Camel Rider
38:56 Fortified Wall
39:34 Light Cavalry
40:16 Scale Mail Armor
40:59 Hussar
46:04 Chain Mail Armor
47:13 Transhumance
48:37 Treadmill Crane
51:10 Plate Mail Armor
52:24 Murder Holes
55:19 Caravan
57:11 Siege Engineers
Ned Stark's Bastard
8:37 Feudal Age
12:15 Castle Age
10:05 Double-Bit Axe
12:02 Horse Collar
12:17 Gold Mining
13:17 Bow Saw
13:27 Loom
15:29 Wheelbarrow
17:58 Heavy Plow
19:33 Stone Mining
22:21 Hand Cart
23:46 Gold Shaft Mining
23:27 Fortified Wall
23:01 Treadmill Crane
23:52 Fletching
24:02 Padded Archer Armor
24:37 Town Watch
28:05 Imperial Age
26:00 Bodkin Arrow
26:46 Caravan
27:18 Leather Archer Armor
27:08 Husbandry
27:40 Masonry
28:26 Bloodlines
28:51 Bracer
29:57 Chemistry
29:24 Ballistics
29:46 Ring Archer Armor
29:33 Heavy Cavalry Archer
33:42 Capped Ram
34:41 Siege Ram
49:56 Conscription
49:41 Elite Skirmisher
51:05 Silk Armor
51:31 Timurid Siegecraft
Scol1ng
8:13 Feudal Age
12:54 Castle Age
10:44 Double-Bit Axe
10:58 Gold Mining
14:00 Bow Saw
14:13 Horse Collar
18:08 Loom
19:48 Wheelbarrow
19:18 Heavy Plow
23:32 Caravan
27:14 Imperial Age
25:10 Scale Barding Armor
25:15 Forging
26:05 Hand Cart
26:24 Bloodlines
26:15 Husbandry
27:17 Chain Barding Armor
27:13 Forging
29:06 Plate Barding Armor
27:53 Cavalier
28:58 Conscription
29:17 Paladin
30:49 Iron Casting
30:51 Town Watch
32:47 Blast Furnace
31:46 Light Cavalry
35:25 Scale Mail Armor
47:23 Two-Man Saw
47:05 Elite Conquistador
47:50 Padded Archer Armor
48:12 Fortified Wall
49:04 Chemistry
48:25 Ballistics
50:11 Leather Archer Armor
51:40 Hussar
57:43 Capped Ram
Gescheiterte Existenz
7:11 Feudal Age
8:35 Double-Bit Axe
11:04 Castle Age
9:17 Horse Collar
10:02 Loom
12:11 Bow Saw
15:30 Heavy Plow
17:47 Wheelbarrow
19:07 Caravan
19:18 Town Watch
21:08 Eagle Warrior
25:53 Imperial Age
23:22 Eagle Warrior
23:48 Arson
24:11 Squires
24:41 Scale Mail Armor
25:10 Forging
26:13 Chain Mail Armor
27:18 Holcans
27:06 Elite Eagle Warrior
28:25 Conscription
29:03 Iron Casting
30:13 Plate Mail Armor
31:32 Blast Furnace
40:05 Hand Cart
45:30 Coinage
45:10 Guilds
49:56 Banking
51:43 Fortified Wall
51:54 Ballistics
SvenVonE ツ
8:08 Feudal Age
11:58 Castle Age
10:18 Horse Collar
10:25 Double-Bit Axe
13:06 Bow Saw
13:00 Heavy Plow
13:04 Loom
17:44 Caravan
20:39 Gold Mining
21:35 Squires
21:22 Arson
21:39 Scale Mail Armor
21:49 Forging
23:20 Gold Shaft Mining
25:34 Imperial Age
24:33 Chain Mail Armor
24:53 Iron Casting
25:59 Elite Varangian Guard
27:11 Plate Mail Armor
27:41 Blast Furnace
27:33 Conscription
32:43 Fletching
32:54 Padded Archer Armor
34:38 Bodkin Arrow
34:58 Leather Archer Armor
34:39 Crossbowman
35:45 Bracer
35:53 Arbalester
36:58 Ballistics
37:44 Chemistry
37:57 Ring Archer Armor
37:38 Bogsveigar
39:10 Capped Ram
40:22 Siege Ram
54:41 Pikeman
Connection lost

Rejoining the realm…

Still unreachable

The connection could not be restored.

Session expired

The server has moved on; the page needs a fresh start.